 Dungeon Crawl Stone Soup version 0.17.0-23-g0de4337 (console) character file.

3285 gw the Cleaver (level 9, -1/90 HPs)
             Began as a Deep Dwarf Fighter on Nov 15, 2015.
             Was a Follower of Yredelemnul.
             Slain by a 17-headed hydra (6 damage)
             ... on level 8 of the Dungeon.
             The game lasted 00:08:35 (6792 turns).

gw the Cleaver (Deep Dwarf Fighter)                 Turns: 6792, Time: 00:08:35

Health: -1/90      AC: 17    Str: 20    XL:     9   Next: 69%
Magic:  7/7        EV:  2    Int:  9    God:    Yredelemnul [*.....]
Gold:   502        SH: 16    Dex: 19    Spells: 0 memorised, 8 levels left

rFire  . . .     SeeInvis +     a - +2 war axe
rCold  . . .     Clarity  +     t - +0 plate armour
rNeg   . . .     SustAt   .     C - +0 large shield
rPois  .         Gourm    .     w - +0 helmet
rElec  .         Spirit   .     (no cloak)
rCorr  +         Warding  .     q - +2 pair of gloves
rMut   .         Stasis   .     (no boots)
MR     +....                    D - amulet of resist corrosion
Stlth  ..........               k - +4 ring of dexterity
                                p - +5 ring of slaying

@: non-regenerating, somewhat resistant to hostile enchantments, extremely
unstealthy
A: damage resistance, recharge devices, see invisible, clarity, sense
surroundings 2, robust 1, slow regeneration 3
a: Device Recharging, Animate Remains, Renounce Religion


You were on level 8 of the Dungeon.
You worshipped Yredelemnul.
Yredelemnul was aware of your devotion.
You were hungry.

You visited 2 branches of the dungeon, and saw 9 of its levels.
You also visited: Ossuary.

You collected 502 gold pieces.

Inventory:

Hand Weapons
 a - a +2 war axe (weapon)
Missiles
 b - 8 tomahawks (quivered)
 j - 222 stones
 r - 16 poisoned needles
Armour
 q - a +2 pair of gloves (worn)
 t - a +0 plate armour (worn)
 w - a +0 helmet (worn)
 C - a +0 large shield (worn)
Jewellery
 k - a +4 ring of dexterity (right hand)
 p - a +5 ring of slaying (left hand)
 D - an amulet of resist corrosion (around neck)
Wands
 e - a wand of heal wounds (4)
 h - a wand of magic darts (9)
Scrolls
 d - 5 scrolls of identify
 g - 4 scrolls of amnesia
 m - 7 scrolls of remove curse
 u - 3 scrolls of teleportation
 y - a scroll of blinking
Potions
 s - 3 potions of curing
 A - a potion of resistance
Comestibles
 f - 3 bread rations
 o - 3 meat rations
 z - 4 fruits
 B - a slice of pizza


   Skills:
 + Level 5.7 Fighting
 * Level 8.6 Axes
 + Level 4.8 Throwing
 + Level 6.8 Armour
 + Level 6.9 Shields
 + Level 3.1 Invocations
 - Level 1.5 Evocations


You had 8 spell levels left.
You didn't know any spells.

Dungeon Overview and Level Annotations

Branches:
Dungeon (8/15)             Temple (1/1) D:7
   Lair: D:8-11

Altars:
Ashenzari
Cheibriados
Dithmenos
Elyvilon
Fedhas
Gozag
Kikubaaqudgha
Nemelex Xobeh
Okawaru
Qazlal
Ru
Sif Muna
Trog
Yredelemnul
Zin
The Shining One

Shops:
D:4 :   D:6 ?


Innate Abilities, Weirdness & Mutations

You are resistant to damage.
You can recharge devices by infusing magical energy.
You passively map the area around you.
You do not regenerate naturally.
You have supernaturally acute eyesight.
You possess an exceptional clarity of mind.
You are robust (+10% HP).


Message History

You block the 17-headed hydra's attack. The 17-headed hydra bites you!
You block the 17-headed hydra's attack. The 17-headed hydra bites you.
The 17-headed hydra bites you. x2
You block the 17-headed hydra's attack.
The 17-headed hydra bites you but does no damage.
The 17-headed hydra bites you. The 17-headed hydra barely misses you.
The 17-headed hydra bites you!
Charge which item? (? for menu, Esc to quit)
Choose an item to recharge, or Esc to abort.
Charge which item? (? for menu, Esc to quit)
Your wand of heal wounds (0) glows for a moment and now has 4 charges.
You block the 17-headed hydra's attack.
The 17-headed hydra bites you but does no damage. x2
You block the 17-headed hydra's attack. The 17-headed hydra bites you.
The 17-headed hydra bites you. x2
You block the 17-headed hydra's attack.
The 17-headed hydra bites you but does no damage.
The 17-headed hydra bites you!
You die...
Your body rises from the dead as a mindless zombie.

.................... * * ,
....)...........###### * * ,
####.#.#..###........###?# ,
.......#....#............#
..........))#.)......###########.
........[...).......)............
..........#####.####.###..#######
########Z.#PP~.(.~.#.# #<.#
...ZZ.Z...#P~...g).### ##.#
########.##~~P%%D).# #.#
#..#P~~.%%(.# #.# ###
##.#.~P.....# * #.# ...#
**.#+###'''## ..# ...., ,
.#).#.....# * ### ....,* *
##.%'...%%# * ##.., *
**##########, ,. , , ,


You could see a 17-headed hydra.

Table legend:
 A = Turns spent in this place as a percentage of turns spent in the entire game.
 B = Non-inter-level travel turns spent in this place as a percentage of non-inter-level travel turns spent in the entire game.
 C = Inter-level travel turns spent in this place as a percentage of turns spent in this place.
 D = Turns resting spent in this place as a percentage of non-inter-level travel turns spent in this place.
 E = Turns spent auto-exploring this place as a percentage of non-inter-level travel turns spent in this place.
 F = Non-inter-level travel turns spent in this place divided by the number of levels of this place that you've seen.
                   A       B       C       D       E      F
               +-------+-------+-------+-------+-------+----------------------
         Total | 100.0 | 100.0 |   0.6 |   0.1 |   3.0 | 1000.9
       Dungeon |  87.7 |  87.6 |   0.7 |   0.1 |   3.2 | 1096.1
        Temple |   0.8 |   0.7 |   1.3 |   0.0 |   2.7 |  75.0
       Ossuary |  11.6 |  11.6 |   0.0 |   0.0 |   1.5 | 1165.0
               +-------+-------+-------+-------+-------+----------------------

Table legend:
 A = Kills in this place as a percentage of kills in entire the game.
 B = Kills by you in this place as a percentage of kills by you in the entire game.
 C = Kills by friends in this place as a percentage of kills by friends in the entire game.
 D = Other kills in this place as a percentage of other kills in the entire game.
 E = Experience gained in this place as a percentage of experience gained in the entire game.
 F = Experience gained in this place divided by the number of levels of this place that you have seen.
                   A       B       C       D       E      F
               +-------+-------+-------+-------+-------+----------------------
         Total | 100.0 | 100.0 | 100.0 |  -nan | 100.0 | 469.3
       Dungeon |  87.1 |  87.0 | 100.0 |  -nan |  83.5 | 489.6
       Ossuary |  12.9 |  13.0 |   0.0 |  -nan |  16.5 | 776.0
               +-------+-------+-------+-------+-------+----------------------

Vanquished Creatures
  A hippogriff (D:8)
  A yak (D:8)
  An ice beast (D:8)
  A sky beast (D:4)
  3 orc warriors
  3 ogres
  A centaur (D:7)
  3 giant frogs
  3 big kobolds (D:8)
  A wyvern zombie (D:6)
  A gnoll sergeant (D:8)
  4 crimson imps
  8 bog bodies (Ossuary)
  3 giant frog zombies (Ossuary)
  2 centaur zombies
  3 orc wizards
  2 jellies
  An iguana (D:7)
  2 orc priests
  2 giant frog skeletons
  4 hounds
  A centaur skeleton (D:5)
  A killer bee zombie (D:5)
  4 worker ants
  2 sheep (D:8)
  A hound skeleton (D:3)
  2 worker ant zombies
  7 mummies (Ossuary)
  Robin (D:4)
  7 adders
  5 gnolls (D:8)
  2 oozes
  4 adder zombies
  4 worms
  An adder skeleton (D:7)
  21 orcs
  7 giant cockroaches
  12 goblins
  13 hobgoblins
  3 jackals (D:6)
  7 kobolds
  3 quokkas
  5 bats
  5 giant geckos
  A giant gecko skeleton (D:6)
  A giant gecko zombie (Ossuary)
  5 giant newts
  A quokka skeleton (D:4)
  2 quokka zombies (D:5)
  7 rats
185 creatures vanquished.

Vanquished Creatures (collateral kills)
  A yak (D:8)
  A plant (D:8)
2 creatures vanquished.

Vanquished Creatures (others)
  2 gnoll skeletons (D:8)
  An orc zombie (D:8)
  4 plants (Ossuary)
7 creatures vanquished.

Grand Total: 194 creatures vanquished

Notes
Turn   | Place    | Note
--------------------------------------------------------------
     0 | D:1      | gw the Deep Dwarf Fighter began the quest for the Orb.
     0 | D:1      | Reached XP level 1. HP: 20/20 MP: 1/1
   431 | D:1      | Reached XP level 2. HP: 27/27 MP: 2/2
   791 | D:2      | Reached skill level 1 in Evocations
  1087 | D:2      | Reached skill level 1 in Throwing
  1087 | D:2      | Reached XP level 3. HP: 33/33 MP: 2/4
  1864 | D:3      | Reached XP level 4. HP: 42/42 MP: 5/5
  2312 | D:3      | Reached skill level 4 in Shields
  2312 | D:3      | Reached XP level 5. HP: 35/49 MP: 6/6
  2730 | D:4      | Noticed an ogre
  2734 | D:4      | Killed an ogre
  2748 | D:4      | Found Qeredghor's Book Boutique.
  2862 | D:4      | Reached XP level 6. HP: 40/56 MP: 7/7
  2954 | D:4      | Noticed Robin
  2964 | D:4      | Killed Robin
  3023 | D:4      | Noticed a sky beast
  3037 | D:4      | Killed a sky beast
  3037 | D:4      | Reached skill level 5 in Axes
  3590 | D:4      | Gained mutation: You are robust (+10% HP). [potion of mutation]
  3590 | D:4      | Gained mutation: You possess an exceptional clarity of mind. [potion of mutation]
  3590 | D:4      | Gained mutation: You have supernaturally acute eyesight. [potion of mutation]
  3619 | D:5      | Entered Level 5 of the Dungeon
  3619 | D:5      | Found a white marble altar of Elyvilon.
  3775 | D:5      | Reached XP level 7. HP: 41/69 MP: 8/8
  4022 | D:5      | Found a sand-covered staircase.
  4037 | Ossuary  | Entered an ossuary
  4131 | Ossuary  | Reached skill level 5 in Shields
  4150 | Ossuary  | Reached skill level 5 in Armour
  4205 | Ossuary  | Reached skill level 6 in Axes
  4205 | Ossuary  | Reached XP level 8. HP: 46/80 MP: 9/9
  4576 | D:6      | Found a sparkling altar of Nemelex Xobeh.
  4822 | D:6      | Found a shattered altar of Ashenzari.
  5140 | D:6      | Reached skill level 7 in Axes
  5340 | D:6      | Found a shadowy altar of Dithmenos.
  5412 | D:6      | Found Uzucehy's Magic Scroll Emporium.
  5618 | D:7      | Reached skill level 5 in Fighting
  5755 | D:7      | Gained mutation: You passively map the area around you. [Deep Dwarf growth]
  5755 | D:7      | Reached XP level 9. HP: 71/89 MP: 10/10
  5783 | D:7      | Found a blossoming altar of Fedhas.
  5784 | D:7      | Found a bloodstained altar of Trog.
  6166 | D:7      | Found a staircase to the Ecumenical Temple.
  6175 | Temple   | Entered the Ecumenical Temple
  6183 | Temple   | Became a worshipper of Yredelemnul the Dark
  6274 | D:8      | Reached skill level 1 in Invocations
  6441 | D:8      | Reached skill level 8 in Axes
  6597 | D:8      | Noticed a two-headed hydra
  6669 | D:8      | Found a sacrificial altar of Ru.
  6669 | D:8      | Found an iron altar of Okawaru.
  6670 | D:8      | Found an ancient bone altar of Kikubaaqudgha.
  6673 | D:8      | Reached * piety under Yredelemnul
  6774 | D:8      | HP: 4/90 [12-headed hydra (7)]
  6774 | D:8      | HP: 1/90 [12-headed hydra (3)]
  6792 | D:8      | Slain by a 17-headed hydra

Action                   |  1- 3 |  4- 6 |  7- 9 || total
-------------------------+-------+-------+-------++-------
Melee: War axe           |    37 |    53 |   241 ||   331
Throw: Javelin           |    36 |    47 |    65 ||   148
       Stone             |     3 |     8 |    29 ||    40
       Tomahawk          |       |       |    12 ||    12
Invok: Animate Remains   |       |       |     3 ||     3
 Abil: Device Recharging |       |       |     4 ||     4
Evoke: Wand              |     3 |     5 |    27 ||    35
  Use: Scroll            |    10 |     3 |     9 ||    22
       Potion            |     4 |     5 |    10 ||    19
  Eat: Chunk             |     3 |     6 |    10 ||    19

Vault maps used:
D:1:      minmay_arrival_cross, minmay_splitting_lines, kennysheep_pointless_box
D:2:      serial_glass, glass_columns_b, glass_columns_b,
          minmay_strange_pillars, feat_on_display, item_on_display_a
D:3:      first_bread
D:4:      serial_shops, shop, minmay_misc_feat_more_columns,
          hangedman_feature_mirror, uniq_robin
D:5:      basic_altar, enter_ossuary_4
D:6:      old_standard_altar, old_standard_altar, nicolae_ashenzari_panopticon,
          serial_shops, shop
D:7:      gammafunk_temple_overflow_pools, minmay_temple_entry_statues_pillars
D:8:      gammafunk_temple_overflow_claw, hangedman_ranch
Temple:   temple_eino_lava_8
Ossuary:  ossuary_zaba_flooded
